 Dungeon Sprint DCSS version 0.30.1-4-g462c640d31 (webtiles) character file.

Game seed: 1502058397223145915

5615 Heoruswealwe the Ninja (level 10, 0/55 HPs)
             Began as a Spriggan Artificer on Sept 6, 2023.
             Was an Initiate of Gozag.
             Shot with an arrow by a centaur warrior (24 damage)
             ... in the Dungeon (Sprint I: "Red Sonja").
             The game lasted 00:14:57 (641 turns).

Heoruswealwe the Ninja (Spriggan Artificer)          Turns: 641, Time: 00:14:59

Health: 0/55       AC:  6    Str:  8    XL:     10   Next: 45%
Magic:  11/11      EV: 27    Int: 12    God:    Gozag
Gold:   409        SH:  0    Dex: 21    Spells: 9/9 levels left

rFire   + . .        a - +2 dagger (freeze)
rCold   . . .        (no shield)
rNeg    . . .        c - +0 robe
rPois   +            (helmet restricted)
rElec   .            (no cloak)
rCorr   .            (gloves unavailable)
SInv    +            (boots unavailable)
Will    +....        (no amulet)
Stlth   ++++++++++   k - ring "Gualol" {rPois rF+ AC+4}
HPRegen 0.29/turn    (no ring)
MPRegen 0.12/turn

%: no teleportation
@: very quick
A: very small, no large weapons, unfitting armour, see invisible, speed 3
a: Renounce Religion, Potion Petition, Call Merchant, Bribe Branch


You were in the Dungeon.
You worshipped Gozag.
Gozag was aware of your devotion.
You visited 1 branch You collected 1200 gold pieces.
You spent 761 gold pieces at shops.
You donated 30 gold pieces to Zin.

Inventory:

Hand Weapons
 a - a +2 dagger of freezing (weapon)
Armour
 c - a +0 robe (worn)
Jewellery
 k - the ring "Gualol" (left hand) {rPois rF+ AC+4}
   (You bought it in a shop in the Dungeon)

   [ring of protection]

   AC:        It affects your AC (+4).
   rF:        It protects you from fire.
   rPois:     It protects you from poison.
Wands
 b - a wand of flame (15) (quivered)
 d - a wand of charming (15)
 e - a wand of iceblast (1)
 l - a wand of mindburst (25)
Scrolls
 j - a scroll of blinking
 m - a scroll of vulnerability {unknown}
 o - a scroll of identify {unknown}
Potions
 f - 4 potions of curing
 g - a potion of heal wounds
 h - a potion of haste
 i - a potion of degeneration {unknown}
 n - a potion of mutation {unknown}


   Skills:
 + Level 7.0 Fighting
 + Level 9.1 Short Blades
 * Level 11.9 Dodging
 O Level 27 Stealth
 + Level 11.7 Evocations


You had 9 spell levels left.
You didn't know any spells.
Your spell library was empty.

Dungeon Overview and Level Annotations

Branches:
Dungeon (1/1)

Altars:
Cheibriados
Dithmenos
Elyvilon
Fedhas
Gozag
Hepliaklqana
Kikubaaqudgha
Makhleb
Nemelex Xobeh
Okawaru
Qazlal
Ru
Sif Muna
Trog
Uskayaw
Vehumet
Wu Jian
Xom
Yredelemnul
Zin
The Shining One
Jiyva
Lugonu

Shops:
D :*!=*:[


Innate Abilities, Weirdness & Mutations

You are very small and have problems with some larger weapons.
You are too small for most types of armour.
You have supernaturally acute eyesight. (SInv)
You cover ground extremely quickly. (Speed+++)


Message History

There is an open door here.
There is an open door here.
There is an open door here.
There is an open door here.
You see here 6 stones.
You open the door.
A centaur warrior comes into view.
The centaur warrior moves out of view.
Found 7 gold pieces and a scale mail.
A centaur warrior comes into view.
There is an open door here.
You enter the shallow water.
Moving in this stuff is going to be slow.
The centaur warrior wields a +0 longbow.
The centaur warrior shoots an arrow.
The arrow completely misses you.
Aiming: Iceblast
Press: ? - help, Shift-Dir - straight line The mass of ice explodes!
The iceblast engulfs the centaur warrior!!
The centaur warrior is moderately wounded.
The iceblast engulfs the centaur warrior!
The centaur warrior is moderately wounded.
The centaur warrior wields a +0 longbow.
The centaur warrior shoots an arrow.
The arrow hits you but does no damage.
The centaur warrior shoots an arrow.
The arrow hits you!
There is an open door, spattered with blood here.
The centaur warrior shoots an arrow.
The arrow misses you.
You see here 6 stones.
Aiming: Iceblast
Press: ? - help, Shift-Dir - straight line, f - centaur warrior
Aim: a centaur warrior, wielding a +0 longbow (purple smoke, moderately wounded)
The mass of ice explodes!
The iceblast engulfs the centaur warrior!!
The centaur warrior is severely wounded.
The iceblast engulfs the centaur warrior!!
The centaur warrior is almost dead.
The centaur warrior shoots an arrow.
The arrow hits you!!
The centaur warrior shoots an arrow.
The arrow hits you!!
You die...
Your body crumbles into a pile of gold.

<.#..'..#.)'..#__#..)...#
$$
..)..#.)'..#..'..'.)#...#
$
..#####'#####'#__####...+
$
..####..#...#.####§§#####
$ $
..#__####..##.#~~§§§#$$ $
..#_____##'#_.+~~§§§+ $
⌠⌠#_.∩...'..._#§cc§§#$$ $
###_..__##_.#'##§####
$$#_____###'#(#§@§.### $
###########.####§###)## $
∩........'...'.§...'[∩# $
##''''####.).########## $
$$ .......####.###


$$$$ ........#.#'#.# $ $$$$ ..#.....#.....# $$$$ ........#.[.(.# $$$
.....#..####### $ You could see 2 centaur warriors.

Vanquished Creatures
  Sonja (D)
  A deep troll (D)
  8 shining eyes (D)
  2 kobold demonologists (D)
  Sigmund (D)
  A slime creature (D)
  A yak (D)
  5 floating eyes (D)
  An ogre (D)
  A jelly (D)
  Ijyb (D)
  A ballistomycete spore (D)
24 creatures vanquished.

Vanquished Creatures (others)
  A ballistomycete spore (D)
1 creature vanquished.

Grand Total: 25 creatures vanquished

Notes
Turn   | Place    | Note
-------+----------+-------------------------------------------
     0 | D        | Heoruswealwe the Spriggan Artificer began the quest for the
                  | Orb.
     0 | D        | Reached XP level 1. HP: 9/9 MP: 2/2
     1 | D        | Noticed Ijyb
     5 | D        | Killed Ijyb
     6 | D        | Reached skill level 9 in Stealth
     6 | D        | Reached XP level 2. HP: 14/14 MP: 3/3
    15 | D        | Noticed an ogre
    18 | D        | Killed an ogre
    19 | D        | Reached skill level 14 in Stealth
    19 | D        | Reached XP level 3. HP: 17/17 MP: 4/4
    19 | D        | Reached XP level 4. HP: 21/21 MP: 5/5
    27 | D        | Noticed Sigmund
    30 | D        | Killed Sigmund
    31 | D        | Reached skill level 18 in Stealth
    31 | D        | Reached XP level 5. HP: 25/25 MP: 6/6
    31 | D        | Reached XP level 6. HP: 29/29 MP: 7/7
    43 | D        | Found an ornate altar of the Wu Jian Council.
    43 | D        | Found a shimmering blue altar of Sif Muna.
    45 | D        | Found a radiant altar of Vehumet.
    50 | D        | Reached skill level 19 in Stealth
    81 | D        | Found Fuehig's Jewellery Emporium.
    81 | D        | Found an ancient bone altar of Kikubaaqudgha.
    81 | D        | Found a hazy altar of Hepliaklqana.
    81 | D        | Found a stormy altar of Qazlal.
    81 | D        | Found a hide-covered altar of Uskayaw.
    81 | D        | Found a blossoming altar of Fedhas.
    81 | D        | Found a bloodstained altar of Trog.
    81 | D        | Found an iron altar of Okawaru.
    81 | D        | Found a basalt altar of Yredelemnul.
    81 | D        | Found a glowing golden altar of the Shining One.
    81 | D        | Found a snail-covered altar of Cheibriados.
    81 | D        | Found a sacrificial altar of Ru.
    81 | D        | Found a glowing silver altar of Zin.
    81 | D        | Found a shadowy altar of Dithmenos.
    81 | D        | Found a white marble altar of Elyvilon.
    81 | D        | Noticed a yak
    82 | D        | Found an opulent altar of Gozag.
    83 | D        | Killed a yak
    84 | D        | Reached skill level 21 in Stealth
    84 | D        | Found a sparkling altar of Nemelex Xobeh.
    89 | D        | Became a worshipper of Zin the Law-Giver
    89 | D        | Reached * piety under Zin
    89 | D        | Reached ** piety under Zin
    89 | D        | Reached *** piety under Zin
    89 | D        | Reached **** piety under Zin
    89 | D        | Reached ***** piety under Zin
    89 | D        | Reached ****** piety under Zin
    98 | D        | Noticed Sonja
   102 | D        | Killed Sonja
   103 | D        | Reached skill level 25 in Stealth
   103 | D        | Reached XP level 7. HP: 32/32 MP: 8/8
   103 | D        | Reached XP level 8. HP: 37/37 MP: 9/9
   117 | D        | Found Tobel's Book Boutique.
   128 | D        | Noticed a shining eye
   128 | D        | Noticed a shining eye
   128 | D        | Noticed a shining eye
   128 | D        | Noticed a shining eye
   128 | D        | Noticed a shining eye
   128 | D        | Noticed a shining eye
   130 | D        | Noticed a shining eye
   130 | D        | Noticed a shining eye
   131 | D        | Killed a shining eye
   132 | D        | Reached skill level 5 in Dodging
   132 | D        | Reached skill level 5 in Evocations
   133 | D        | Paralysed by a floating eye for 4 turns
   143 | D        | Killed a shining eye
   145 | D        | Paralysed by a floating eye for 3 turns
   152 | D        | Paralysed by a floating eye for 4 turns
   159 | D        | Reached XP level 9. HP: 45/45 MP: 10/10
   160 | D        | Paralysed by a floating eye for 4 turns
   167 | D        | Reached skill level 5 in Short Blades
   203 | D        | Killed a shining eye
   204 | D        | Reached skill level 26 in Stealth
   231 | D        | Killed a shining eye
   232 | D        | Reached skill level 5 in Fighting
   252 | D        | Killed a shining eye
   265 | D        | Killed a shining eye
   289 | D        | Killed a shining eye
   290 | D        | Reached skill level 10 in Dodging
   290 | D        | Reached skill level 10 in Evocations
   290 | D        | Reached XP level 10. HP: 53/53 MP: 11/11
   300 | D        | Killed a shining eye
   319 | D        | Fell from the grace of Zin
   319 | D        | Became a worshipper of Gozag Ym Sagoz the Greedy
   327 | D        | Noticed a deep troll
   331 | D        | Killed a deep troll
   332 | D        | Reached skill level 27 in Stealth
   342 | D        | Found Oliz's Armour Emporium.
   456 | D        | Found Binkoyro's Assorted Antiques.
   456 | D        | Found Vetius's Distillery.
   456 | D        | Found Plog's Book Boutique.
   457 | D        | Found Guistef's General Store.
   471 | D        | Bought a knobbly golden ring for 105 gold pieces
   471 | D        | Bought a scroll labelled RIMUASHREUF for 21 gold pieces
   471 | D        | Bought a smoky pink potion for 18 gold pieces
   471 | D        | Bought a scroll labelled YPALOEGOEDGH for 21 gold pieces
   520 | D        | Bought the ring "Gualol" {rPois rF+ AC+4} for 596 gold
                  | pieces
   532 | D        | Found a burning altar of Makhleb.
   532 | D        | Found a viscous altar of Jiyva.
   532 | D        | Found a shimmering altar of Xom.
   532 | D        | Found a corrupted altar of Lugonu.
   635 | D        | Noticed a centaur warrior
   637 | D        | Noticed a centaur warrior
   641 | D        | Shot with an arrow by a centaur warrior

Illustrated notes

Levels and vault maps discovered:
D:        dungeon_sprint_1 [red_sonja_temple_1, red_sonja_temple_small_1]

Skill      XL: |  1  2  3  4  5  6  7  8  9 10 |
---------------+-------------------------------+-----
Stealth        | 9 14 18 25 26 27 | 27.0
Fighting       | 3 6 7 |  7.0
Short Blades   | 4 7 9 |  9.1
Dodging        | 6 10 11 | 11.9
Evocations     | 7 10 11 | 11.7

Action                     |  1- 3 |  4- 6 |  7- 9 | 10-12 || total
---------------------------+-------+-------+-------+-------++-------
  Melee: Dagger            |     1 |     4 |   115 |    12 ||   132
         Punch             |       |       |     4 |       ||     4
  Evoke: Wand              |     4 |       |       |    16 ||    20
   Stab: Sleeping          |     1 |     4 |     3 |     2 ||    10
 Armour: Robe              |       |       |       |     1 ||     1
  Dodge: Dodged            |     1 |       |       |    10 ||    11
